 Dungeon Crawl Stone Soup version 0.28-a0-1629-gf728b707aa (webtiles) character file.

Game seed: 18347923417857663853

144 kazpex the Ruffian (level 5, -3/53 HPs)
             Began as a Troll Berserker on Jan 24, 2022.
             Was a Believer of Trog.
             Slain by an ogre (23 damage)
             ... on level 4 of the Dungeon on Jan 25, 2022.
             The game lasted 00:53:45 (4107 turns).

kazpex the Ruffian (Troll Berserker)                Turns: 4107, Time: 00:53:46

Health: -3/53      AC:  6    Str: 25    XL:     5   Next: 5%
Magic:  4/4        EV: 10    Int:  3    God:    Trog [**....]
Gold:   77         SH:  0    Dex: 11    Spells: 4/4 levels left

rFire   . . .      SeeInvis +   j - +2 spear (flame)
rCold   . . .      Faith    .   (no shield)
rNeg    . . .      Spirit   .   a - +2 animal skin
rPois   .          Reflect  .   (helmet restricted)
rElec   .          Harm     .   (no cloak)
rCorr   .          Rampage  .   (gloves unavailable)
Will    .....                   (boots unavailable)
Stlth   +.........              (no amulet)
HPRegen 0.97/turn               e - ring of see invisible
MPRegen 0.09/turn               (no ring)

@: on berserk cooldown, slowed, very slow
A: large, unfitting armour, claws 3, regeneration 1, shaggy fur 1, tough skin 1
a: Renounce Religion, Berserk, Trog's Hand


You were on level 4 of the Dungeon.
You worshipped Trog.
Trog was pleased with you.
You visited 1 branch of the dungeon, and saw 4 of its levels.

You collected 77 gold pieces.

Inventory:

Hand Weapons
 i - a +3 short sword of venom
 j - a +2 spear of flaming (weapon)
 k - a +1 dagger of freezing
 l - the +3 glaive of Context {speed, rElec Will- Stlth+}
   (You found it on level 3 of the Dungeon)

   Attacks with this weapon are significantly faster.
   rElec:     It insulates you from electricity.
   Will:      It decreases your willpower.
   Stlth:     It makes you more stealthy.
Missiles
 c - 85 stones (quivered)
 d - 5 poisoned darts
Armour
 a - a +2 animal skin (worn)
Jewellery
 e - a ring of see invisible (left claw)
Wands
 f - a wand of charming (2)
Scrolls
 b - 2 scrolls of teleportation
Potions
 g - 2 potions of flight


   Skills:
 + Level 3.0 Fighting
 + Level 0.1 Polearms
 + Level 1.1 Throwing
 + Level 3.2 Dodging
 + Level 0.2 Stealth
 + Level 4.1 Unarmed Combat


You had 4 spell levels left.
You didn't know any spells.
Your spell library contained the following spells:

 Spells                   Type           Power      Damage    Failure   Level
 Ensorcelled Hibernation  Hex/Ice        0%         N/A       67%         2
 Passwall                 Tmut/Erth      0%         N/A       67%         2
 Swiftness                Air            0%         N/A       88%         3


Dungeon Overview and Level Annotations

Branches:
Dungeon (4/15)
 Temple: D:4-7

Altars:
Kikubaaqudgha
Uskayaw
The Shining One


Innate Abilities, Weirdness & Mutations

You are too large for most types of armour.
You have claws for hands.
Your natural rate of healing is unusually fast.
You are covered in fur. (AC +1)
You have tough skin. (AC +1)


Message History

The floor.
The orc hits you from afar with a +0 trident.
The orc priest mumbles some strange prayers to Beogh against you.
Beogh smites you!
The orc shouts!
The orc hits you from afar with a +0 trident.
As you read the scroll of fear, it crumbles to dust.
You assume a fearsome visage.
The ogre looks frightened!
The orc looks frightened!
The orc priest looks frightened!
The orc looks frightened! x2
Your skin crawls.
You feel strong-willed.
There are monsters nearby!
There are monsters nearby!
Found a ring mail.
You feel the effects of Trog's Hand fading.
The orc seems to regain its courage.
The ogre seems to regain its courage.
The orc hits you but does no damage.
You hit the orc. You burn the orc.
The orc is heavily wounded.
The orc priest seems to regain its courage.
The orc closely misses you.
Cornered, the orc priest turns to fight!
Your skin stops crawling.
You feel less strong-willed. The orc closely misses you.
The orc priest calls down the wrath of Beogh upon you.
Beogh smites you!
A red film seems to cover your vision as you go berserk!
You feel yourself moving faster!
You feel mighty!
The ogre hits you with a +0 giant club!!
You feel a strong urge to attack something.
You feel your anger nearly subside. The ogre misses you.
You hit the ogre. You burn the ogre.
The ogre is moderately wounded.
You are no longer berserk.
You are exhausted.
You feel yourself slow down. The orc misses you.
The ogre hits you with a +0 giant club!!
You die...

#.........#...
#..♣♣♣♣........#
###.♣♣ ♣.#......#
#...♣ ♣.########
#### #...♣ ♣.
....##...♣ ♣. .
.........♣♣♣ ♣....
....#......♣♣.....
### ##..oO@...#
#..###.### #...#
.# #.......#
#..#.##.# #.. ..
.# #o# .[... #.
###.# #. .#


You could see an ogre and an orc.

Vanquished Creatures
  A bullfrog skeleton (D:2)
  Ijyb (D:3)
  Robin (D:3)
  2 adders (D:2)
  2 worms
  A dart slug (D:4)
  3 ball pythons
  3 endoplasms
  2 giant cockroaches (D:2)
  8 goblins
  9 hobgoblins
  6 kobolds
  2 quokkas
  2 bats
  3 frilled lizards
  5 rats
  4 bushes (D:2)
55 creatures vanquished.

Vanquished Creatures (others)
  A fungus (D:3)
  18 plants (D:2)
19 creatures vanquished.

Grand Total: 74 creatures vanquished

Notes
Turn   | Place    | Note
-------+----------+-------------------------------------------
     0 | D:1      | kazpex the Troll Berserker began the quest for the Orb.
     0 | D:1      | Reached XP level 1. HP: 22/22 MP: 0/0
   259 | D:1      | Reached XP level 2. HP: 29/29 MP: 1/1
  1702 | D:2      | Reached XP level 3. HP: 36/36 MP: 2/2
  1702 | D:2      | Found a glowing golden altar of the Shining One.
  2287 | D:2      | Reached XP level 4. HP: 44/44 MP: 3/3
  2563 | D:3      | Noticed Ijyb
  2587 | D:2      | Reached ** piety under Trog
  3273 | D:3      | Killed Ijyb
  3274 | D:3      | Reached skill level 4 in Unarmed Combat
  3351 | D:3      | Found a faded altar of an unknown god.
  3418 | D:3      | Found a large runed translucent door.
  3418 | D:3      | Found a large runed translucent door.
  3527 | D:3      | Noticed Robin
  3547 | D:3      | Reached skill level 1 in Throwing
  3560 | D:3      | Killed Robin
  3712 | D:3      | Identified the +3 glaive of Context {speed, rElec Will-
                  | Stlth+}
  3751 | D:3      | Reached XP level 5. HP: 53/53 MP: 4/4
  4013 | D:3      | Found a hide-covered altar of Uskayaw.
  4020 | D:3      | Found an ancient bone altar of Kikubaaqudgha.
  4081 | D:4      | Noticed an ogre
  4107 | D:4      | Slain by an ogre

Illustrated notes

Levels and vault maps discovered:
D:1:      evilmike_arrival_fibonacci_small, layout_basic, lemuel_another_geyser
D:2:      layout_rooms, serial_forest, infiniplex_forest_lined_ring,
          infiniplex_forest_clump_diagonal, infiniplex_forest_end_2,
          infiniplex_forest_lined_corner, infiniplex_forest_clump_small,
          infiniplex_forest_straight_3, infiniplex_forest_straight_2,
          infiniplex_forest_clump_long, basic_altar, serial_bayou_pond_c,
          minmay_worlds_worst_comb
D:3:      layout_rooms, jmf_multi_god_temple2, dreamdust_ecumenical_altar_grove,
          uniq_ijyb, uniq_robin
D:4:      layout_loops_cross, elyvilon_altar_5, serial_shops,
          nicolae_shop_bloodbath_and_beyond, corexii_item_surrounded_by_moat,
          nrook_campfire, uniq_natasha

Skill      XL: |  1  2  3  4 |
---------------+-------------+-----
Dodging        | 3 |  3.2
Unarmed Combat | 4 |  4.1
Throwing       | 1 |  1.1
Fighting       | 3 |  3.0
Polearms       | |  0.1
Stealth        | |  0.2

Action                   |  1- 3 |  4- 6 || total
-------------------------+-------+-------++-------
Melee: Unarmed           |   208 |       ||   208
       Punch             |     8 |     6 ||    14
       Spear             |     3 |   121 ||   124
Throw: Stone             |    29 |    11 ||    40
Invok: Berserk           |       |     3 ||     3
       Trog's Hand       |       |     1 ||     1
  Use: Scroll            |     3 |     7 ||    10
Armor: Animal skin       |    26 |    22 ||    48
Dodge: Dodged            |    44 |    38 ||    82

Table legend: (Time is in decaauts)
 A = Elapsed time spent in this place.
 B = Non-inter-level travel time spent in this place.
 C = Inter-level travel time spent in this place.
 D = Time resting spent in this place.
 E = Time spent auto-exploring this place.
 F = Levels seen in this place.
 G = Mean time per level.
                   A        B        C        D        E       F      G
               +--------+--------+--------+--------+--------+-----+--------+
         Total |   4132 |   4130 |      2 |   1475 |    785 |   4 | 1033.0 |
       Dungeon |   4132 |   4130 |      2 |   1475 |    785 |   4 | 1033.0 |
               +--------+--------+--------+--------+--------+-----+--------+

Top non-repeatable levels by time:
     D:2: 2038 daAuts
     D:1: 1205 daAuts
     D:3: 841 daAuts
     D:4: 46 daAuts
